 Dungeon Crawl Stone Soup version 0.32-a0-128-g77eb882913 (webtiles) character file.

Game seed: 5985284375843573413

296 Sobieck the Trooper (level 6, -12/67 HPs)
             Began as an Oni Fighter on Feb 7, 2024.
             Mangled by an ogre
             ... wielding a +0 giant club
              (14 damage)
             ... on level 3 of the Dungeon.
             The game lasted 00:03:40 (2744 turns).

Sobieck the Trooper (Oni Fighter)                   Turns: 2744, Time: 00:03:41

Health: -12/67     AC:  3    Str: 23    XL:     6   Next: 34%
Magic:  6/6        EV:  9    Int:  9    God:
Gold:   136        SH:  8    Dex: 12    Spells: 5/5 levels left

rFire   . . .        a - +0 war axe
rCold   . . .        c - +0 kite shield
rNeg    + . .        b - +0 robe
rPois   .            (helmet restricted)
rElec   .            (no cloak)
rCorr   .            (gloves unavailable)
SInv    .            (boots unavailable)
Will    .....        (no amulet)
Stlth   +            r - ring of Jaavits {rN+ Dex+4}
HPRegen 0.31/turn    (no ring)
MPRegen 0.10/turn

%: no passive effects
@: no status effects
A: large, unfitting armour, horns 1, tough skin 1, double potion healing,
drunken brawling
a: no special abilities


You were on level 3 of the Dungeon.
You visited 1 branch of the dungeon, and saw 4 of its levels.

You collected 136 gold pieces.

Inventory:

Hand Weapons
 a - a +0 war axe (weapon)
Missiles
 k - 22 stones (quivered)
Armour
 b - a +0 robe (worn)
 c - a +0 kite shield (worn)
 q - an orb of guile
Jewellery
 r - the ring of Jaavits (left hand) {rN+ Dex+4}
   (You found it on level 3 of the Dungeon)

   [ring of positive energy]

   Dex+4:     It affects your dexterity (+4).
   rN+:       It protects you from negative energy.
Wands
 m - a wand of flame (13)
 n - a wand of acid (8)
Scrolls
 e - a scroll of identify {unknown}
 g - a scroll of revelation {unknown}
 i - 4 scrolls of blinking {unknown}
 j - a scroll of enchant weapon {unknown}
 o - a scroll of poison {unknown}
 p - 4 scrolls of teleportation {unknown}
Potions
 f - a potion of cancellation {unknown}
 h - 2 potions of enlightenment {unknown}
 l - a potion of resistance {unknown}
 s - 2 potions of heal wounds {unknown}


   Skills:
 + Level 5.7 Fighting
 + Level 3.6 Axes
 + Level 2.7 Throwing
 - Level 2.6 Dodging
 + Level 3.9 Shields


You had 5 spell levels left.
You didn't know any spells.
Your spell library contained the following spells:

 Spells                   Type           Power      Damage    Failure   Level
 Apportation              Tloc           0%         N/A       65%         1
 Foxfire                  Conj/Fire      0%         2x1d4     65%         1
 Kiss of Death            Conj/Necr      0%         2d5       65%         1
 Jinxbite                 Hex            0%         N/A       80%         2
 Confusing Touch          Hex            0%         N/A       95%         3
 Dispel Undead            Necr           0%         3d6       100%        4
 Alistair's Intoxication  Alch           0%         N/A       100%        5
 Plasma Beam              Fire/Air       0%         2x1d10    100%        6
 Starburst                Conj/Fire      0%         6d3       100%        6


Dungeon Overview and Level Annotations

Branches:
Dungeon (4/15)
 Temple: D:4-7

Altars:


Innate Abilities, Weirdness & Mutations

You are too large for most types of armour.
You have a pair of small horns on your head.
You have tough skin. (AC +1)
You gain doubled healing and magic from potions.
Whenever you drink a healing potion, you attack all around you.


Message History

Unknown command.
An adder is nearby!
Unknown command.
Things that are here:
a +0 club; a stone; a kobold corpse An ogre comes into view.
It is wielding a +0 giant club.
The ogre shouts!
Unknown command.
Unknown command.
Unknown command.
A sky beast comes into view.
Things that are here:
a +0 club; a stone; a kobold corpse
Things that are here:
a +0 giant club; a ball python corpse; an ogre corpse You see here a dart slug corpse.
There is a stone staircase leading up here.
You climb upwards.
There is a stone staircase leading down here.
Unknown command.
Unknown command.
You start resting.
HP restored.
Unknown command.
Unknown command.
You climb downwards.
The ogre hits you with a +0 giant club!!
* * * LOW HITPOINT WARNING * * *
There is a stone staircase leading up, spattered with blood here.
Unknown command.
Unknown command.
The ogre hits you with a +0 giant club!!
* * * LOW HITPOINT WARNING * * *
You climb upwards.
There is a stone staircase leading down here.
Unknown command.
Unknown command.
Unknown command.
You slash the ogre! Your headbutt misses the ogre.
The ogre is moderately wounded.
The ogre closely misses you.
You slash the ogre! You headbutt the ogre.
The ogre is almost dead.
The ogre hits you with a +0 giant club!
* * * LOW HITPOINT WARNING * * *
Unknown command.
You hit the ogre.
The ogre is almost dead.
The ogre hits you with a +0 giant club!
You die...

#....######.######.### ####..####
.....................###..รท......
#.......###.##...............####
##...##.###.##..#..#.###.##.#####
##..)...........#................
.....##.###..............##.####.
.##.###.# ####.##.##.######......
###.# #.# #.#..##.# ######. # #.#
#.# #.#@###.# #. ###.# #.# #.#O#
#.# #. ....# #.# ###.#.# #.# #.
##### #.####.#.#.###.###########.
#..........................
############.###.################
.........>.### #.# ##########.#
#.# #.# #.#


You could see an ogre.

Vanquished Creatures
  An ogre (D:4)
  A howler monkey (D:4)
  A bombardier beetle (D:3)
  An iguana (D:4)
  Robin (D:3)
  2 adders (D:2)
  A dart slug (D:4)
  A ribbon worm (D:3)
  4 orcs (D:3)
  6 ball pythons
  8 endoplasms
  A giant cockroach (D:1)
  13 goblins
  6 hobgoblins
  4 jackals (D:1)
  5 quokkas
  2 bats
  A frilled lizard (D:2)
  2 kobolds
  22 rats
83 creatures vanquished.

Notes
Turn   | Place    | Note
-------+----------+-------------------------------------------
     0 | D:1      | Sobieck the Oni Fighter began the quest for the Orb.
     0 | D:1      | Reached XP level 1. HP: 24/24 MP: 1/1
   170 | D:1      | Reached XP level 2. HP: 32/32 MP: 2/2
   410 | D:1      | Reached skill level 1 in Throwing
   613 | D:1      | Reached skill level 3 in Shields
   613 | D:1      | Reached XP level 3. HP: 40/40 MP: 3/3
  1510 | D:3      | Noticed Robin
  1516 | D:3      | Reached XP level 4. HP: 35/49 MP: 4/4
  1523 | D:3      | Killed Robin
  1686 | D:3      | Reached skill level 5 in Fighting
  1865 | D:3      | Identified the ring of Jaavits {rN+ Dex+4}
  1956 | D:3      | Reached skill level 3 in Axes
  1956 | D:3      | Reached XP level 5. HP: 57/57 MP: 5/5
  2470 | D:4      | Noticed an ogre
  2482 | D:4      | Killed an ogre
  2483 | D:4      | Reached XP level 6. HP: 28/67 MP: 6/6
  2635 | D:4      | Noticed a sky beast
  2743 | D:3      | HP: 2/67 [ogre/+0 giant club (17)]
  2744 | D:3      | Mangled by an ogre

Illustrated notes

Levels and vault maps discovered:
D:1:      dpeg_arrival_shelter, layout_basic
D:2:      layout_basic
D:3:      layout_loops_ring, minmay_rat_hole, uniq_robin
D:4:      layout_basic, nicolae_ashenzari_skybound

Skill      XL: |  1  2  3  4 |
---------------+-------------+-----
Throwing       | 1 2 |  2.7
Shields        | 3 |  3.9
Fighting       | 5 |  5.7
Axes           | 3 |  3.6
Dodging        | |  2.6

Action                     |  1- 3 |  4- 6 || total
---------------------------+-------+-------++-------
  Melee: War axe           |    79 |    93 ||   172
         Headbutt          |     9 |    12 ||    21
  Evoke: Wand              |       |     4 ||     4
    Use: Potion            |       |     2 ||     2
 Armour: Robe              |    41 |    57 ||    98
  Dodge: Dodged            |    34 |    28 ||    62
  Block: Kite shield       |    24 |    31 ||    55

Table legend: (Time is in decaauts)
 A = Elapsed time spent in this place.
 B = Non-inter-level travel time spent in this place.
 C = Inter-level travel time spent in this place.
 D = Time resting spent in this place.
 E = Time spent auto-exploring this place.
 F = Levels seen in this place.
 G = Mean time per level.
                   A        B        C        D        E       F      G
               +--------+--------+--------+--------+--------+-----+--------+
         Total |   2831 |   2710 |    121 |    287 |   1910 |   4 |  707.8 |
       Dungeon |   2831 |   2710 |    121 |    287 |   1910 |   4 |  707.8 |
               +--------+--------+--------+--------+--------+-----+--------+

Top non-repeatable levels by time:
     D:3: 1125 daAuts
     D:1: 879 daAuts
     D:2: 620 daAuts
     D:4: 205 daAuts
